 Dungeon Crawl Stone Soup version 0.27-a0-1529-g1e82c303ef (webtiles) character file.

Game seed: 18203314110599651396

3269 Spectrina the Thaumaturge (level 10, -7/60 HPs)
             Began as a Djinni Ice Elementalist on July 4, 2021.
             Was an Elder of Fedhas.
             Mangled by a cane toad simulacrum (16 damage)
             ... in an ice cave on July 11, 2021.
             The game lasted 01:06:34 (4193 turns).

Spectrina the Thaumaturge (Djinni Ice Elementalist) Turns: 4193, Time: 01:06:35

Health: -7/60      AC:  4    Str:  7    XL:     10   Next: 19%
Gold:   404        EV: 27    Int: 21    God:    Fedhas [****..] SH:  0 Dex: 13

rFire    + + .     SeeInvis +   a - +4 trident
rCold    . . .     Faith    .   (no shield)
rNeg     + . .     Spirit   .   K - +0 robe {rN+}
rPois    ∞         Reflect  .   H - +1 hat
rElec    .         Harm     .   (no cloak)
rCorr    .         Rampage  .   e - +0 pair of gloves
Will     +....                  (boots unavailable)
Stlth    +++.......             F - amulet of the acrobat
HPRegen  0.20/turn              G - ring of protection from cold
MPRegen  0.00/turn              O - ring of see invisible

@: acrobatic, flying
A: sickness immunity, fire resistance 2, cold vulnerability 1, float, innate
caster, hp casting, extra vitality 1
a: Renounce Religion, Wall of Briars, Grow Ballistomycete, Overgrow


You were in an ice cave.
You worshipped Fedhas.
Fedhas was greatly pleased with you.
You visited 1 branch of the dungeon, and saw 11 of its levels.
You also visited: Ice Cave.

You collected 479 gold pieces.
You spent 75 gold pieces at shops.

Inventory:

Hand Weapons
 a - a +4 trident (weapon)
 q - a +0 rapier
 t - a +2 vampiric whip
 y - a +0 hand axe of venom
 L - a +2 falchion of flaming
Missiles
 f - 13 bolts
 m - 21 poisoned darts
 s - 8 boomerangs of dispersal
 v - 3 boomerangs
 B - a throwing net
 E - 2 silver boomerangs (quivered)
 J - 24 sling bullets
Armour
 e - a +0 pair of gloves (worn)
 r - a +0 helmet
 H - a +1 hat (worn)
 K - a +0 robe of positive energy (worn)
Magical Staves
 C - a staff of cold
Jewellery
 F - an amulet of the acrobat (around neck)
 G - a ring of protection from cold (left hand)
 O - a ring of see invisible (right hand)
Wands
 M - a wand of polymorph (6)
Scrolls
 b - a scroll of amnesia {unknown}
 d - a scroll of enchant armour {unknown}
 g - a scroll of magic mapping
 j - a scroll of vulnerability {unknown}
 l - a scroll of acquirement {unknown}
 o - 5 scrolls of teleportation
 p - 3 scrolls of noise
 w - a scroll of summoning {unknown}
 D - a scroll of blinking {unknown}
 N - a scroll of fear {unknown}
Potions
 c - 3 potions of curing
 h - 3 potions of might
 i - 2 potions of haste
 k - a potion of attraction
 n - a potion of cancellation
 u - a potion of berserk rage
 x - 2 potions of heal wounds
 z - a potion of brilliance
 A - a potion of mutation {unknown}
 I - 2 potions of lignification {unknown}


   Skills:
 - Level 2.1 Dodging
 + Level 5.8 Stealth
 * Level 8.7 Spellcasting
 + Level 6.3 Invocations


You had 6 spell levels left.
You knew the following spells:

 Your Spells              Type           Power      Damage    Failure   Level
a - Freeze                Ice            100%       1d11      1%          1
b - Frozen Ramparts       Ice            92%        1d11      1%          3
c - Ozocubu's Armour      Ice            46%        N/A       1%          3
d - Hailstorm             Conj/Ice       46%        3d11      1%          4
e - Sting                 Tmut/Pois      100%       1d8       1%          1
f - Searing Ray           Conj           92%        3d6       1%          2
g - Swiftness             Air            46%        N/A       1%          3
h - Lesser Beckoning      Tloc           23%        N/A       1%          3
Your spell library was empty.

Dungeon Overview and Level Annotations

Branches:
Dungeon (12/15)              Lair (0/6) D:9           IceCv (1/1)
 Temple: D:4-7          Orc: D:9-12

Altars:
Cheibriados
Dithmenos
Elyvilon
Fedhas
Gozag
Okawaru
Ru
Sif Muna
Xom

Shops:
D:6 !

Annotations:
D:6 Dowan
D:7 1 runed translucent door


Innate Abilities, Weirdness & Mutations

You are immune to sickness and miasma.
You are immune to poison.
Your flesh is very heat resistant. (rF++)
You are vulnerable to cold. (rC-)
You float through the air rather than walking.
You learn spells naturally, not from books.
Your magical power is your life essence.
You have superior vitality. (+4 HP)


Message History

You throw a silver boomerang.
The silver boomerang hits the two-headed ogre simulacrum.
The two-headed ogre simulacrum vapourises!
Fedhas accepts your kill.
Throw: 2 boomerangs (silver)
Press: ? - help, Q - select action, (/) - cycle Shift-Dir - straight line, f/p - elephant simulacrum
Aim: an elephant simulacrum (almost destroyed, 98% to hit)
You throw a silver boomerang.
The silver boomerang hits the elephant simulacrum.
The elephant simulacrum vapourises!
Fedhas accepts your kill.
Unknown command.
Casting: Searing Ray (safe; 1% risk of failure)
Confirm with . or Enter, or press ? or * to list all spells.
Aiming: Searing Ray (safe; 1% risk of failure)
Press: ? - help, Shift-Dir - straight line, f - cane toad simulacrum
Aim: a cane toad simulacrum (96% to hit)
Okay, then.
You fail to use your ability.
A briar patch grows up from the ground. x3
Casting: Searing Ray (safe; 1% risk of failure)
Confirm with . or Enter, or press ? or * to list all spells.
Okay, then.
a - a +4 trident (weapon)
Reach: a) +4 trident
Press: ? - help, Dir - move target, f - cane toad simulacrum
Aim: a cane toad simulacrum (ally target, about 18% to evade your +4 trident)
You reach to attack!
You barely miss the cane toad simulacrum.
The cane toad simulacrum is struck by your briar patch's thorns.
The cane toad simulacrum hits your briar patch!
The cane toad simulacrum freezes your briar patch!
Your briar patch is destroyed!
You fly carefully through the plants.
You fly carefully through the plants.
The cane toad simulacrum completely misses you.
You fly carefully through the plants.
You fly carefully through the plants.
The cane toad simulacrum hits you!
You die...
Fedhas appreciates your contribution to the ecosystem.

#≈≈≈≈≈## ≈≈≈≈≈≈
#### ≈≈≈≈# ##..##
#..## .
##....#####..## #.
#.......##....##.Z
##.∩.∩.......#..ZZ.
#ZP.........###.ZZ.
##@....##..## ###..
#....###### #.
###### . .


You could see a cane toad simulacrum (ally target).

Vanquished Creatures
  A two-headed ogre (D:10)
  2 death yak simulacra (IceCv)
  Menkaure (D:5)
  A steam dragon (D:7)
  An orc warrior (D:4)
  A sky beast (D:7)
  2 ice beasts (D:8)
  A black bear (D:10)
  2 kobold brigands
  A two-headed ogre simulacrum (IceCv)
  7 scorpions
  A water moccasin skeleton (D:5)
  A wyvern skeleton (D:7)
  3 wights (D:7)
  An elephant simulacrum (IceCv)
  2 howler monkeys (D:8)
  2 hounds
  A centaur zombie (D:5)
  3 jellies
  An orc priest (D:5)
  A bullfrog skeleton (D:7)
  A centaur skeleton (D:5)
  2 iguanas
  Terence (D:3)
  6 orc wizards
  2 spriggan simulacra (IceCv)
  A troll simulacrum (IceCv)
  2 killer bee zombies (D:7)
  2 wolf simulacra (IceCv)
  A howler monkey zombie (D:7)
  A howler monkey skeleton (D:5)
  3 adders
  A shadow imp (D:5)
  A white imp (IceCv)
  A dart slug (D:5)
  19 orcs
  7 endoplasms
  8 giant cockroaches
  9 goblins
  5 hobgoblins
  4 jackals (D:1)
  2 quokkas
  4 ball pythons
  3 bats
  A frilled lizard (D:1)
  8 kobolds
  10 rats
  4 butterflies (D:7)
145 creatures vanquished.

Vanquished Creatures (collateral kills)
  A polar bear simulacrum (IceCv)
1 creature vanquished.

Vanquished Creatures (others)
  A plant (D:9)
1 creature vanquished.

Grand Total: 147 creatures vanquished

Notes
Turn   | Place    | Note
-------+----------+-------------------------------------------
     0 | D:1      | Spectrina the Djinni Ice Elementalist began the quest for
                  | the Orb.
     0 | D:1      | Reached XP level 1. HP: 15/15 MP: 0/0
     9 | D:1      | Found a faded altar of an unknown god.
    12 | D:1      | Became a worshipper of Fedhas Madash
    12 | D:1      | Reached * piety under Fedhas
   189 | D:3      | Reached XP level 2. HP: 17/21 MP: 0/0
   375 | D:1      | Reached ** piety under Fedhas
   402 | D:1      | Reached XP level 3. HP: 8/25 MP: 0/0
   402 | D:1      | Learned a level 1 spell: Sting
   478 | D:1      | Reached skill level 4 in Spellcasting
   670 | D:3      | Noticed Terence
   806 | D:3      | Found a shadowy altar of Dithmenos.
   824 | D:3      | Reached XP level 4. HP: 9/31 MP: 0/0
   835 | D:3      | Noticed an ogre
  1007 | D:4      | Found a shimmering altar of Xom.
  1080 | D:3      | Reached XP level 5. HP: 17/35 MP: 0/0
  1080 | D:3      | Learned a level 2 spell: Searing Ray
  1170 | D:5      | Entered Level 5 of the Dungeon
  1218 | D:3      | Found an iron altar of Okawaru.
  1227 | D:3      | Reached *** piety under Fedhas
  1296 | D:3      | Killed Terence
  1413 | D:4      | Reached skill level 5 in Spellcasting
  1432 | D:4      | Noticed an orc warrior
  1442 | D:4      | Found a sacrificial altar of Ru.
  1489 | D:4      | Killed an orc warrior
  1490 | D:4      | Reached skill level 1 in Invocations
  1490 | D:4      | Reached XP level 6. HP: 20/40 MP: 0/0
  1544 | D:4      | Upgraded the game from 0.27-a0-1442-g87b6fcb595 to
                  | 0.27-a0-1456-gf5a116941d
  1751 | D:4      | Found an opulent altar of Gozag.
  1859 | D:5      | Reached XP level 7. HP: 24/45 MP: 0/0
  1859 | D:5      | Learned a level 3 spell: Swiftness
  1956 | D:6      | Reached skill level 6 in Spellcasting
  1970 | D:6      | Found Jagot's Distillery.
  1979 | D:6      | Bought a potion of berserk rage for 75 gold pieces
  2448 | D:5      | Reached **** piety under Fedhas
  2466 | D:5      | Reached XP level 8. HP: 33/50 MP: 0/0
  2606 | D:5      | Noticed Menkaure
  2691 | D:5      | Upgraded the game from 0.27-a0-1456-gf5a116941d to
                  | 0.27-a0-1525-g1038ab4fd7
  2720 | D:5      | Killed Menkaure
  2847 | D:6      | Upgraded the game from 0.27-a0-1525-g1038ab4fd7 to
                  | 0.27-a0-1529-g1e82c303ef
  2860 | D:6      | Found a white marble altar of Elyvilon.
  2863 | D:6      | Noticed Dowan
  3004 | D:7      | Reached skill level 7 in Spellcasting
  3033 | D:7      | Found a runed translucent door.
  3041 | D:7      | Found a runed translucent door.
  3104 | D:7      | Reached XP level 9. HP: 23/55 MP: 0/0
  3104 | D:7      | Learned a level 3 spell: Lesser Beckoning
  3415 | D:7      | Reached skill level 5 in Invocations
  3560 | D:8      | Reached ***** piety under Fedhas
  3828 | D:8      | Reached skill level 5 in Stealth
  3957 | D:10     | Entered Level 10 of the Dungeon
  4018 | D:10     | Noticed a two-headed ogre
  4022 | D:10     | Killed a two-headed ogre
  4023 | D:10     | Reached skill level 8 in Spellcasting
  4023 | D:10     | Reached XP level 10. HP: 45/60 MP: 0/0
  4033 | D:9      | Found a staircase to the Lair.
  4033 | D:9      | Noticed an elephant
  4069 | D:9      | Found a snail-covered altar of Cheibriados.
  4076 | D:9      | You are sucked into a shaft and drop 3 floors!
  4104 | D:12     | Noticed a cyclops
  4112 | D:12     | Found a frozen archway.
  4121 | IceCv    | Entered an ice cave
  4193 | IceCv    | Mangled by a cane toad simulacrum

Illustrated notes

Levels and vault maps discovered:
D:1:      ncdulo_wetmaze, layout_rooms, chequers_ecumenical_altar_simple_redux,
          minmay_hedge_maze, minmay_misc_feat_doors,
          minmay_misc_feat_four_crosses, minivault_24
D:2:      layout_rooms, basic_altar, minmay_misc_feat_roman
D:3:      layout_loops_ring, grunt_dithmenos_smoke_and_mirrors,
          okawaru_metal_pillars_1_2, uniq_terence
D:4:      cheibrodos_helix_gallery, layout_layer_cave,
          nicolae_overflow_hidden_temple, old_standard_altar,
          general_overflow_altar, serial_shops,
          nicolae_shop_temple_entry_statues_fountains
D:5:      layout_cave_pods, minmay_small_thing, uniq_menkaure
D:6:      layout_loops_ring, elyvilon_altar_5, temple_doors_e, serial_shops,
          shop, uniq_duvessa
D:7:      lemuel_insect_pit, layout_rooms
D:8:      layout_layer_cave, makhleb_altar_promises_db,
          mainiacjoe_overflow_surrounded_room
D:9:      layout_roguey, mainiacjoe_overflow_24_doors,
          mainiacjoe_overflow_boulevard, david_lair_generic, serial_shops, shop
D:10:     layout_roguey, kennysheep_mini, tso_altar, erik_orc_1
D:12:     layout_rooms, portal_ice_cave_entry_pillars_1, uniq_maurice
IceCv:    ice_cave_small_necro

Skill      XL: |  1  2  3  4  5  6  7  8  9 10 |
---------------+-------------------------------+-----
Spellcasting   | 4 5 6 7 8 |  8.7
Invocations    | 1 3 4 5 6 |  6.3
Stealth        | 2 3 4 5 |  5.8
Dodging        | |  2.1

Action                   |  1- 3 |  4- 6 |  7- 9 | 10-12 || total
-------------------------+-------+-------+-------+-------++-------
Melee: Unarmed           |     3 |       |       |       ||     3
       Rapier            |       |    14 |       |       ||    14
       Whip              |       |       |    13 |       ||    13
       Trident           |       |       |       |     1 ||     1
Throw: Dart              |    64 |       |     9 |       ||    73
       Boomerang         |       |       |     5 |     4 ||     9
 Cast: Freeze            |    38 |    18 |    14 |       ||    70
       Sting             |     9 |    20 |    13 |       ||    42
       Frozen Ramparts   |       |     6 |    20 |     1 ||    27
       Searing Ray       |       |     3 |    23 |     3 ||    29
       Hailstorm         |       |       |    13 |     3 ||    16
       Ozocubu's Armour  |       |       |     2 |     1 ||     3
Invok: Wall of Briars    |       |       |       |     1 ||     1
       Overgrow          |       |       |       |     1 ||     1
  Use: Potion            |     2 |       |       |       ||     2
       Scroll            |       |     3 |     5 |     1 ||     9
 Stab: Sleeping          |       |     3 |       |       ||     3
Armor: Robe              |    11 |     3 |    14 |     5 ||    33
Dodge: Dodged            |    29 |    20 |    45 |    10 ||   104

Table legend: (Time is in decaauts)
 A = Elapsed time spent in this place.
 B = Non-inter-level travel time spent in this place.
 C = Inter-level travel time spent in this place.
 D = Time resting spent in this place.
 E = Time spent auto-exploring this place.
 F = Levels seen in this place.
 G = Mean time per level.
                   A        B        C        D        E       F      G
               +--------+--------+--------+--------+--------+-----+--------+
         Total |   4229 |   4066 |    163 |      0 |      0 |  12 |  352.4 |
       Dungeon |   4154 |   3991 |    163 |      0 |      0 |  11 |  377.6 |
      Ice Cave |     74 |     74 |      0 |      0 |      0 |   1 |   74.0 |
               +--------+--------+--------+--------+--------+-----+--------+

Top non-repeatable levels by time:
     D:5: 768 daAuts
     D:4: 670 daAuts
     D:3: 600 daAuts
     D:7: 574 daAuts
     D:1: 479 daAuts
     D:8: 438 daAuts
     D:6: 222 daAuts
     D:2: 201 daAuts
    D:10: 92 daAuts
   IceCv: 74 daAuts
     D:9: 61 daAuts
    D:12: 44 daAuts
